 Dungeon Crawl Stone Soup version 0.14-a0-1637-gd423c14 (webtiles) character file.

8949 Psiweapon the Nimble (level 11, -5/108 HPs)
             Began as a Kobold Berserker on Dec 22, 2013.
             Was an Elder of Trog.
             Shot with a poisoned arrow of flame by Nessos (10 damage)
             ... on Level 13 of the Dungeon on Dec 26, 2013.
             The game lasted 00:57:39 (11077 turns).

Psiweapon the Nimble (Kobold Berserker)            Turns: 11077, Time: 00:57:40

HP  -5/108       AC 18     Str 24      XL: 11   Next: 61%
MP   3/3         EV 15     Int  5      God: Trog [****..]
Gold 230         SH  0     Dex 14      Spells:  0 memorised, 10 levels left

rFire  . . .     SeeInvis +     f - +8,+11 cutlass of Cheibriados' Favour {antimagic, rElec rC+ Dex-2}
rCold  + . .     Clarity  +     q - +2 scale mail {rPois}
rNeg   . . .     Conserve .     (no shield)
rPois  +         rCorr    .     F - +0 helmet {SInv}
rElec  +         rRot     .     S - +1 cloak {MR+}
SustAb . .       Spirit   .     (no gloves)
rMut   .         Warding  .     v - +0 pair of boots
Saprov + + .     Stasis   .     l - amulet of clarity
                                j - +3 ring of protection
                                (no ring)

@: regenerating, mighty, berserking, very quick, extremely resistant to hostile
enchantments, extremely unstealthy
A: disease resistance, carnivore 3, mutation resistance 1, saprovore 2
a: Burn Spellbooks, Berserk, Trog's Hand, Brothers in Arms, Renounce Religion


You were on level 13 of the Dungeon.
You worshipped Trog.
Trog was greatly pleased with you.
You were very full.

You visited 1 branch of the dungeon, and saw 13 of its levels.

You collected 553 gold pieces.
You spent 323 gold pieces at shops.

Inventory:

Hand weapons
 a - the +10,+4 spear of Ragnarok {flame, rF+}
   (You found it on level 5 of the Dungeon)

   It emits flame when wielded, causing extra injury to most foes and up to
   double damage against particularly susceptible opponents.
   It protects you from fire.
 b - the +8,+9 morningstar of Xoate {freeze, Str+1}
   (You found it on level 11 of the Dungeon)

   It has been specially enchanted to freeze those struck by it, causing extra
   injury to most foes and up to double damage against particularly susceptible
   opponents.
   It can also slow down cold-blooded creatures.
   It affects your strength (+1).
 f - the +8,+11 cutlass of Cheibriados' Favour (weapon) {antimagic, rElec rC+ Dex-2}
   (You found it on level 11 of the Dungeon)

   It disrupts the flow of magical energy around spellcasters and certain
   magical creatures (including the wielder).
   It affects your dexterity (-2).
   It protects you from cold.
   It insulates you from electricity.
 w - a +2,+1 falchion
 I - a +2,+1 whip of electrocution
 R - a +3,+4 quarterstaff of chaos
Missiles
 D - 5 darts of dispersal
 G - 2 tomahawks
 Q - 19 steel darts (quivered)
Armour
 q - a +2 scale mail of poison resistance (worn)
 v - a +0 pair of boots (worn)
 F - a +0 helmet of see invisible (worn)
 S - a +1 cloak of magic resistance (worn)
Magical devices
 e - a wand of teleportation (3)
 E - a wand of enslavement (15)
 L - a wand of fire (9)
 N - a wand of paralysis (0)
 T - a wand of digging (19)
 X - a wand of magic darts (12)
 Y - a wand of random effects (10)
 Z - a wand of slowing (12)
Comestibles
 c - 6 meat rations
 H - 2 beef jerkies
Scrolls
 k - 6 scrolls of teleportation
 n - a scroll of curse weapon
 p - 2 scrolls of blinking
 s - a scroll of fear {unknown}
 u - 2 scrolls of fog
 y - 2 scrolls of immolation
 A - a scroll of enchant armour
 C - a scroll of enchant weapon II
 J - 4 scrolls of remove curse
 K - 2 scrolls of magic mapping
Jewellery
 d - an uncursed amulet of inaccuracy {unknown}
 j - a +3 ring of protection (right hand)
 l - an amulet of clarity (around neck)
 r - a -2 ring of protection
 t - an uncursed amulet of resist corrosion
 z - an uncursed ring of magical power
 O - an uncursed ring of flight
 V - a +3 ring of dexterity {unknown}
 W - an uncursed ring of protection from magic
Potions
 g - a potion of confusion
 i - 5 potions of heal wounds
 m - 2 potions of brilliance
 o - 5 potions of curing
 x - a potion of cure mutation
 B - a potion of restore abilities
 M - a potion of speed
 P - a potion of berserk rage
 U - 3 potions of agility


   Skills:
 + Level 9.9 Fighting
 - Level 10.3 Short Blades
 + Level 3.7 Polearms
 + Level 7.5 Armour
 + Level 10.7 Dodging


You had 10 spell levels left.
You didn't know any spells.

Dungeon Overview and Level Annotations

Branches:
Dungeon (13/16)            Temple (0/1) D:4
    Orc: D:9-12        Lair: D:8-11

Altars:
Ashenzari
Cheibriados
Fedhas

Shops:
D:5 [   D:7 !

Portals:
Bailey: D:13

Annotations:
D:13 Erica, Nessos


Innate Abilities, Weirdness & Mutations

You recuperate from illness quickly.
You are small and have problems with some larger weapons.
You are carnivorous and can eat meat at any time.
You can eat rotten meat.
You are somewhat resistant to further mutation.


Message History

Nessos wields an uncursed longbow of flame.
It bursts into flame!
Nessos shoots a poisoned arrow of flame.
The poisoned arrow of flame hits you!
* * * LOW HITPOINT WARNING * * *
The hippogriff closely misses you. The hippogriff pecks you.
* * * LOW HITPOINT WARNING * * *
The hippogriff barely misses you.
You puncture Erica!
Erica's magic leaks into the air.
Erica is heavily wounded.
The centaur hits you but does no damage.
Nessos shoots a poisoned arrow of flame.
The poisoned arrow of flame misses you.
The poisoned arrow of flame hits Erica.
Erica is poisoned.
Erica hits you but does no damage.
You closely miss Erica.
Erica is severely wounded.
Nessos shoots a poisoned arrow of flame.
The poisoned arrow of flame hits you!
One of your 2 scrolls of enchant weapon II catches fire!
You die...

......#
#(.##..,,*,*****,,*,,,,,
####..#
#..##..#.*,*****,,****** #..#
#.#.#.#.#*,**,,,,,,,,,,,
#..####.##...###,**,,,,,,,****
#.............).,**,,,,,,,*
#(###.....(....#,,,,.,,,,,*
#.*##.#.###.##c#,,...,,,,,*
#.##.>(c##.(.#H#c.....,,,,*
#.#.........)@ccc.....,,,,****
#.#......#.(.#@#......,,,,*,,,
#.#.........(#H..,[..,,,,,*,**
*.#..#######(#[....,.,,,*,*,*
*,#..* #.#..##.!∩****,*,*
*,...* #.....,,#,* *,,,*
*,,.,* #...#.#,,,* *****
**,,,* #...#.#************
**,,* #.#?#,* *,,,,,,,,,,


You could see Nessos, a griffon, Erica (invisible), a centaur warrior, a
hippogriff and 4 centaurs.

Vanquished Creatures
  2 centaur warriors
  4 hill giants
  3 trolls (D:11)
  A spriggan (D:7)
  2 two-headed ogres
  A wyvern (D:11)
  3 hippogriffs
  A steam dragon (D:9)
  2 manticores
  Edmund (D:7)
  Menkaure (D:7)
  A necrophage (D:8)
  2 orc warriors
  2 black bears
  4 sky beasts
  An ice beast (D:13)
  9 centaurs
  An ogre (D:8)
  2 giant frogs
  A big kobold (D:9)
  A killer bee (D:9)
  5 wights (D:8)
  A centaur zombie (D:12)
  6 crimson imps
  3 orc priests
  4 goliath beetles
  Crazy Yiuf (D:7)
  A quasit (D:9)
  6 orc wizards
  5 hounds
  3 iguanas
  2 scorpions
  A centaur skeleton (D:11)
  3 worker ants
  Ijyb (D:5)
  A crocodile zombie (D:9)
  Terence (D:2)
  A worker ant zombie (D:9)
  10 adders
  3 giant mites
  2 inept feature mimics
  3 worms
  A goliath beetle zombie (D:5)
  An iguana zombie (D:6)
  An adder zombie (D:4)
  2 giant eyeballs
  2 oozes
  8 giant geckos
  26 orcs
  A ball python (D:4)
  16 hobgoblins
  13 jackals
  17 kobolds
  3 quokkas
  16 bats
  4 giant cockroaches
  6 giant newts
  10 goblins
  A jackal zombie (D:6)
  An orc skeleton (D:5)
  An orc zombie (D:7)
  11 rats
249 creatures vanquished.

Notes
Turn   | Place    | Note
--------------------------------------------------------------
     0 | D:1      | Psiweapon, the Kobold Berserker, began the quest for the Orb.
     0 | D:1      | Reached XP level 1. HP: 14/14 MP: 1/1
   442 | D:1      | Reached XP level 2. HP: 12/19 MP: 2/2
   888 | D:1      | Reached XP level 3. HP: 23/23 MP: 3/3
  1567 | D:2      | Acquired Trog's second power
  1567 | D:2      | Reached XP level 4. HP: 16/29 MP: 4/4
  1952 | D:2      | Noticed Terence
  1965 | D:2      | Killed Terence
  1965 | D:2      | Reached skill level 5 in Short Blades
  2954 | D:2      | Reached XP level 5. HP: 33/33 MP: 5/5
  4086 | D:5      | Entered Level 5 of the Dungeon
  4159 | D:4      | Found a staircase to the Ecumenical Temple.
  4194 | D:4      | Reached XP level 6. HP: 33/39 MP: 6/6
  4204 | D:4      | Found a blossoming altar of Fedhas.
  4664 | D:5      | Got a warped spear
  4665 | D:5      | Identified the +10,+4 spear of Ragnarok {flame, rF+} (You found it on level 5 of the Dungeon)
  4886 | D:5      | Reached skill level 6 in Short Blades
  4973 | D:5      | Found Muda's Armour Boutique.
  4981 | D:5      | Bought a +0 helmet of see invisible for 120 gold pieces
  5050 | D:5      | Noticed Ijyb
  5062 | D:5      | Killed Ijyb
  5071 | D:4      | Found a snail-covered altar of Cheibriados.
  5071 | D:4      | Found a shattered altar of Ashenzari.
  5231 | D:6      | Noticed an orc warrior
  5234 | D:6      | Reached XP level 7. HP: 44/44 MP: 7/7
  5253 | D:6      | Killed an orc warrior
  5253 | D:6      | Reached skill level 5 in Dodging
  5461 | D:6      | Reached skill level 5 in Fighting
  5802 | D:6      | Reached XP level 8. HP: 38/49 MP: 8/8
  6053 | D:7      | Noticed Edmund
  6074 | D:7      | Killed Edmund
  6074 | D:7      | Reached skill level 7 in Short Blades
  6151 | D:7      | Noticed Menkaure
  6164 | D:7      | Killed Menkaure
  6222 | D:7      | Noticed a spriggan baker
  6224 | D:7      | Killed a spriggan baker
  6422 | D:7      | Reached skill level 8 in Short Blades
  6494 | D:7      | Reached XP level 9. HP: 53/55 MP: 9/9
  6570 | D:7      | Noticed a hill giant
  6581 | D:7      | Killed a hill giant
  6581 | D:7      | Reached skill level 5 in Armour
  6719 | D:7      | Acquired Trog's third power
  6786 | D:7      | Found Shros' Distillery.
  6811 | D:7      | Bought a potion of heal wounds for 42 gold pieces
  6811 | D:7      | Bought a potion of speed for 77 gold pieces
  6811 | D:7      | Bought a potion of heal wounds for 42 gold pieces
  6811 | D:7      | Bought a potion of mutation for 42 gold pieces
  6813 | D:7      | Gained mutation: You are somewhat resistant to further mutation. [potion of mutation]
  6902 | D:7      | Noticed Crazy Yiuf
  6913 | D:7      | Killed Crazy Yiuf
  6913 | D:7      | Reached skill level 9 in Short Blades
  7873 | D:8      | Reached XP level 10. HP: 63/63 MP: 10/10
  8224 | D:8      | Paralysed by a giant eyeball for 3 turns
  8230 | D:8      | Paralysed by a giant eyeball for 2 turns
  8322 | D:8      | Reached skill level 10 in Short Blades
  8663 | D:9      | Noticed a hill giant
  8745 | D:9      | Upgraded the game from 0.14-a0-1585-g835621a to 0.14-a0-1613-gd720e3e
  9001 | D:9      | Killed a hill giant
  9001 | D:9      | Reached skill level 1 in Polearms
  9102 | D:9      | Paralysed by you for 2 turns
  9577 | D:10     | Entered Level 10 of the Dungeon
  9778 | D:11     | Noticed a hill giant
  9795 | D:11     | Killed a hill giant
  9841 | D:11     | Upgraded the game from 0.14-a0-1613-gd720e3e to 0.14-a0-1637-gd423c14
  9867 | D:11     | Reached XP level 11. HP: 65/69 MP: 11/11
  9972 | D:11     | Got a pitted cutlass
  9973 | D:11     | Identified the +8,+11 cutlass of Cheibriados' Favour {antimagic, rElec rC+ Dex-2} (You found it on level 11 of the Dungeon)
 10079 | D:11     | Reached skill level 10 in Dodging
 10280 | D:11     | Got a dazzling morningstar
 10458 | D:11     | Identified the +8,+9 morningstar of Xoate {freeze, Str+1} (You found it on level 11 of the Dungeon)
 10732 | D:11     | Noticed a hill giant
 10743 | D:11     | Killed a hill giant
 10844 | D:12     | Noticed a centaur warrior
 10862 | D:12     | Killed a centaur warrior
 11046 | D:13     | Noticed a centaur warrior
 11047 | D:13     | Found a flagged portal.
 11048 | D:13     | Noticed Nessos
 11057 | D:13     | Noticed Erica
 11060 | D:13     | Noticed a centaur warrior
 11064 | D:13     | Noticed a griffon
 11069 | D:13     | Killed a centaur warrior
 11075 | D:13     | HP: 3/108 [hippogriff (6)]
 11077 | D:13     | Shot with a poisoned arrow of flame by Nessos

Action                   |  1- 3 |  4- 6 |  7- 9 | 10-12 || total
-------------------------+-------+-------+-------+-------++-------
Melee: Short sword       |   162 |   304 |       |    44 ||   510
       Spear             |       |    48 |   249 |   286 ||   583
       Cutlass           |       |       |       |   130 ||   130
Throw: Dart              |       |       |     3 |     4 ||     7
       Tomahawk          |       |       |     2 |       ||     2
Invok: Berserk           |     2 |     4 |     2 |     6 ||    14
       Trog's Hand       |       |     4 |     5 |     9 ||    18
       Burn Spellbooks   |       |       |     3 |       ||     3
Evoke: Wand              |       |       |     2 |    13 ||    15
  Use: Scroll            |     8 |     3 |     7 |     6 ||    24
       Potion            |       |       |     1 |     4 ||     5
 Stab: Paralysed         |       |       |       |     1 ||     1
